 Dungeon Crawl Stone Soup version 0.30.1-9-gdf580d7c3d (webtiles) character file.

Game seed: 16588510847061863158

77 monsoonserge the Ducker (level 4, 0/34 HPs)
             Began as a Merfolk Gladiator on Oct 3, 2023.
             Slain by an orc
             ... wielding a +0 whip
              (4 damage)
             ... on level 4 of the Dungeon.
             The game lasted 00:04:15 (2036 turns).

monsoonserge the Ducker (Merfolk Gladiator)         Turns: 2036, Time: 00:04:16

Health: 0/34       AC:  7    Str: 14    XL:     4   Next: 33%
Magic:  4/4        EV: 14    Int:  7    God:
Gold:   164        SH:  0    Dex: 23    Spells: 3/3 levels left

rFire   + . .        a - +0 long sword
rCold   . . .        (no shield)
rNeg    . . .        k - +0 ring mail
rPois   .            c - +0 helmet
rElec   .            j - +0 cloak
rCorr   .            (no gloves)
SInv    .            (no boots)
Will    .....        (no amulet)
Stlth   +            l - ring of protection from fire
HPRegen 0.25/turn    n - +6 ring of dexterity
MPRegen 0.09/turn

%: no passive effects
@: no status effects
A: (nimble swimmer 2), mertail
a: no special abilities


You were on level 4 of the Dungeon.
You visited 1 branch of the dungeon, and saw 4 of its levels.

You collected 164 gold pieces.

Inventory:

Hand Weapons
 a - a +0 long sword (weapon)
Missiles
 d - 3 throwing nets
 e - a javelin
 m - 4 boomerangs (quivered)
Armour
 b - a +0 leather armour
 c - a +0 helmet (worn)
 j - a +0 cloak (worn)
 k - a +0 ring mail (worn)
 u - a +0 chain mail
Jewellery
 i - a ring of protection from cold
 l - a ring of protection from fire (left hand)
 n - a +6 ring of dexterity (right hand)
 q - a +6 ring of intelligence
Wands
 y - a wand of roots (13)
Scrolls
 f - 2 scrolls of poison {unknown}
 g - 2 scrolls of enchant weapon {unknown}
 h - a scroll of fog {unknown}
 o - a scroll of fear {unknown}
 r - a scroll of noise {unknown}
 s - a scroll of teleportation {unknown}
 t - 2 scrolls of identify {unknown}
 v - a scroll of immolation {unknown}
Potions
 p - a potion of attraction {unknown}
 w - a potion of degeneration {unknown}
 x - a potion of haste {unknown}


   Skills:
 + Level 2.4 Fighting
 + Level 4.8 Long Blades
 + Level 2.2 Throwing
 + Level 0.4 Armour
 + Level 4.9 Dodging
 + Level 0.8 Stealth


You had 3 spell levels left.
You didn't know any spells.
Your spell library contained the following spells:

 Spells                   Type           Power      Damage    Failure   Level
 Apportation              Tloc           0%         N/A       67%         1
 Necrotise                Necr           0%         1d4       67%         1
 Summon Small Mammal      Summ           0%         N/A       67%         1
 Cigotuvi's Dreadful Rot  Necr/Pois/Air  0%         N/A       82%         2
 Lesser Beckoning         Tloc           0%         N/A       82%         2
 Frozen Ramparts          Ice            0%         1d1       96%         3
 Gell's Gravitas          Tloc           0%         N/A       96%         3
 Ignite Poison            Fire/Tmut/Pois 0%         N/A       96%         3
 Teleport Other           Tloc           0%         N/A       96%         3
 Ice Form                 Ice/Tmut       0%         N/A       100%        4
 Summon Ice Beast         Ice/Summ       0%         N/A       100%        4
 Freezing Cloud           Conj/Ice/Air   0%         6-21      100%        5


Dungeon Overview and Level Annotations

Branches:
Dungeon (4/15)
 Temple: D:4-7

Altars:


Innate Abilities, Weirdness & Mutations

((You are very nimble when in or above water. (Stealth+, EV+, Speed+++)))
Your lower body shifts to a powerful aquatic tail in water.


Message History

The orc moves out of view.
The orc priest shouts!
Found 6 gold pieces.
A frilled lizard comes into view.
You see here 16 gold pieces.
You now have 164 gold pieces (gained 16).
The frilled lizard hisses angrily.
The orc priest invokes the aid of Beogh against you.
Beogh smites you!
The frilled lizard completely misses you.
You hit the frilled lizard.
You kill the frilled lizard!
The orc priest invokes the aid of Beogh against you.
Beogh smites you!
* * * LOW HITPOINT WARNING * * *
Found a stone staircase leading down.
The orc priest casts a cantrip, but nothing happens.
You see here a frilled lizard corpse.
The orc attacks as you move away! The orc barely misses you.
The orc attacks as you move away! The orc barely misses you.
The orc attacks as you move away! The orc barely misses you.
Found a clear potion.
There is a stone staircase leading down here.
The orc hits you with a +0 whip.
* * * LOW HITPOINT WARNING * * *
You climb downwards.
There is a stone staircase leading up here.
You hit the orc.
The orc is moderately wounded.
The orc hits you but does no damage.
You hit the orc but do no damage.
The orc is moderately wounded.
The orc hits you with a +0 whip.
* * * LOW HITPOINT WARNING * * *
You closely miss the orc.
The orc is moderately wounded.
The orc hits you with a +0 whip.
* * * LOW HITPOINT WARNING * * *
The orc hits you with a +0 whip.
You die...

### ..# #.#
# #.#.##
#@...#
#....o....#
#####....##
#.#.##
..#.# ..#.#
... . ...#
#


You could see an orc.

Vanquished Creatures
  An adder (D:2)
  2 dart slugs
  5 orcs (D:3)
  6 bats
  4 endoplasms
  5 giant cockroaches
  4 goblins
  7 hobgoblins
  6 jackals (D:2)
  4 ball pythons
  3 frilled lizards
  2 kobolds
  A rat (D:2)
50 creatures vanquished.

Notes
Turn   | Place    | Note
-------+----------+-------------------------------------------
     0 | D:1      | monsoonserge the Merfolk Gladiator began the quest for the
                  | Orb.
     0 | D:1      | Reached XP level 1. HP: 16/16 MP: 1/1
    17 | D:1      | Reached XP level 2. HP: 22/22 MP: 2/2
   864 | D:2      | Reached XP level 3. HP: 28/28 MP: 3/3
  1534 | D:2      | Reached XP level 4. HP: 34/34 MP: 4/4
  2036 | D:4      | Slain by an orc

Illustrated notes

Levels and vault maps discovered:
D:1:      dpeg_arrival_radiant, layout_loops_ring
D:2:      layout_basic, item_on_display_a
D:3:      layout_basic
D:4:      layout_loops_corners, serial_shops, shop, uniq_pikel, uniq_edmund,
          uniq_natasha

Skill      XL: |  1  2 |
---------------+-------+-----
Long Blades    | 4 |  4.8
Fighting       | |  2.4
Throwing       | |  2.2
Armour         | |  0.4
Dodging        | |  4.9
Stealth        | |  0.8

Action                     |  1- 3 |  4- 6 || total
---------------------------+-------+-------++-------
  Melee: Long sword        |    83 |    39 ||   122
         Punch             |     1 |       ||     1
   Stab: Sleeping          |     2 |       ||     2
 Armour: Leather armour    |     4 |       ||     4
         Ring mail         |    37 |    40 ||    77
  Dodge: Dodged            |    72 |    59 ||   131
